[Event "*** Titled Tuesday Blitz"]
[Site "Chess.com"]
[Date "2020.05.05"]
[Round "2"]
[White "dukicz123"]
[Black "ketster"]
[Result "1-0"]
[WhiteElo "2491"]
[BlackElo "2269"]
[TimeControl "180+1"]
[EndTime "10:19:24 PDT"]
[Termination "dukicz123 won on time"]

1. e4 e5 2. Nf3 Nc6 3. d4 exd4 4.
Nxd4 Bb4+ 5. c3 Bc5 6. Nxc6 bxc6 7. Bd3 Qh4 8. Qe2 Nf6 9. Be3 Bxe3 10. Qxe3 O-O 11.
Nd2 Re8 12. O-O Ng4 13. Qf4 Qh6 14. Qxh6 Nxh6 15. f4 f6 16. Nf3 Rb8 17. b3 Nf7 18.
Bc4 Rxe4 19. Rfe1 d5 20. Rxe4 dxe4 21. Nd4 c5 22. Nc6 Ra8 23. Nd8 Ba6 24. Bxf7+ Kf8 25. Ne6+ Kxf7 26. Nxc7 Rd8 27. Nxa6 Rd3 28. Nxc5 Rxc3 29.
Nxe4 Rc2 30. a4 Rb2 31. Nc5 Rc2 32. b4 Rc4 33. Rb1 Rxf4 34. b5 Rc4 35. Nd3 Rxa4 36. b6 axb6 37. Rxb6 Ra1+ 38. Kf2 Ra2+ 39. Rb2 Ra3 40. Rb7+ Kg6 41. Nf4+ Kh6 42. Ne6 Ra2+ 43. Kg3 Ra3+ 44. Kg4 Ra4+ 45. Kh3 g5 46. Nf8 g4+ 47. Kh4 g3+ 48. Kxg3 Kg5 49. Nxh7+ Kf5 50.
Rb3 Ra7 51. Rf3+ Kg6 52. Nxf6 Ra6 53. Ng4 Ra4 54. h4 Kh5 55. Rf5+ Kg6 56. Rg5+ Kh7 57. h5 Ra3+ 58. Kh4 Ra2 59. g3 Kh8 60. Nf6 Rh2+ 61.
Kg4 Rh4+ 62. Kf5 Rf4+ 63. Kg6 Rg4 64. Nxg4 Kg8 65. Rf5 1-0

[Event "*** Titled Tuesday Blitz"]
[Site "Chess.com"]
[Date "2020.05.05"]
[Round "2"]
[White "kungmongmanh"]
[Black "martabartel"]
[Result "1/2-1/2"]
[WhiteElo "2585"]
[BlackElo "2283"]
[TimeControl "180+1"]
[EndTime "10:19:25 PDT"]
[Termination "Game drawn by repetition"]

1. d4 d5 2. c4 e6 3. Nc3 a6 4. cxd5 exd5 5. Nf3 Nf6 6. Bg5 Be7 7. Qc2 Be6 8. e3 Nbd7 9. Bd3 h6 10. Bh4 g5 11.
Bg3 Nh5 12. Bf5 Bxf5 13. Qxf5 c6 14. Ne5 Nxe5 15. Bxe5 Rg8 16. Qh7 Rg6 17. Qh8+ Kd7 18. Qxd8+ Rxd8 19. Ke2 Bd6 20. Bxd6 Kxd6 21. b4 f5 22. a4 Re8 23. Kd2 f4 24. b5 Rge6 25. Rhe1 fxe3+ 26. fxe3 Rf6 27. bxa6 bxa6 28. Rab1 Rf2+ 29.
Re2 Rxe2+ 30. Nxe2 Kc7 31. Kd3 Nf6 32. a5 Ng4 33. Rb6 Rxe3+ 34. Kd2 Ra3 35. Rxa6 Ne3 36. Ra7+ Kd6 37. Rh7 Nc4+ 38. Ke1 Rxa5 39. Rxh6+ Kc7 40.
Rg6 Ra1+ 41. Kf2 Nd2 42. Ng3 Ra2 43. Ke3 Nc4+ 44. Kf3 Ra3+ 45. Kg4 Ra2 46. Rxg5 Rxg2 47. Kf3 Rxh2 48. Rg7+ Kb6 49. Nf5 Rh3+ 50. Ke2 Rh2+ 51. Kd3 Rd2+ 52. Kc3 Rd1 53. Rg6 Rc1+ 54. Kd3 Rd1+ 55.
Kc2 Rf1 56. Ne7 Rf2+ 57. Kc3 Rf3+ 58. Kc2 Rf2+ 59. Kd3 Rf3+ 60. Kc2 Rf2+ 1/2-1/2

[Event "*** Titled Tuesday Blitz"]
[Site "Chess.com"]
[Date "2020.05.05"]
[Round "2"]
[White "chesslh19"]
[Black "elsemenova"]
[Result "1-0"]
[WhiteElo "2161"]
[BlackElo "2380"]
[TimeControl "180+1"]
[EndTime "10:19:25 PDT"]
[Termination "chesslh19 won by resignation"]

1. e4 e5 2. Nf3 Nc6 3. Bb5 a6 4. Ba4 b5 5. Bb3 Na5 6. O-O d6 7. c3 Nxb3 8. axb3 Nf6 9. d4 exd4 10. Qxd4 Be7 11. Bg5 O-O 12. c4 Bb7 13. Re1 Re8 14. Nc3 b4 15. Nd5 Nxd5 16. exd5 Bxg5 17. Rxe8+ Qxe8 18. Nxg5 Qe5 19. Qxe5 dxe5 20. Re1 a5 21. Ne4 Bc8 22. Nc5 f6 23. f3 Kf7 24. Kf2 Ke7 25.
Nd3 Bf5 26. Nc5 Kd6 27. Ne4+ Bxe4 28. fxe4 a4 29. bxa4 Rxa4 30. b3 Ra3 31. Re3 g6 32.
h4 f5 33. Kf3 f4 34. Rd3 Ra2 35. Rd1 Rb2 36. Rd3 Rb1 37. Kg4 h6 38. Kh3 Kc5 39. g3 fxg3 40. Kxg3 Rg1+ 41. Kh3 Re1 42. Rg3 Rxe4 43.
Rxg6 Re3+ 44. Kg2 Rxb3 45. Rc6+ Kd4 46. Rxc7 Rc3 47. d6 Rxc4 48. Rxc4+ Kxc4 49. d7 b3 50. d8=Q b2 51. Qb6 b1=Q 52. Qxb1 1-0

[Event "*** Titled Tuesday Blitz"]
[Site "Chess.com"]
[Date "2020.05.05"]
[Round "2"]
[White "Munkhzul_Turmunkh"]
[Black "AvitalBor"]
[Result "0-1"]
[WhiteElo "2539"]
[BlackElo "2830"]
[TimeControl "180+1"]
[EndTime "10:19:26 PDT"]
[Termination "AvitalBor won by resignation"]

1. e4 e5 2. Nf3 Nc6 3. Bb5 a6 4. Ba4 Nf6 5. O-O b5 6. Bb3 Bb7 7. c3 Nxe4 8. d4 exd4 9. Re1 d5 10. Nxd4 Nxd4 11. Qxd4 c5 12. Qe5+ Qe7 13. Qf4 c4 14. Bc2 Qe6 15. Nd2 Bd6 16. Qf3 O-O 17.
Nxe4 dxe4 18. Bxe4 f5 19. Bd5 Qxd5 20. Qxd5+ Bxd5 21. Rd1 Rad8 22. Bg5 Rd7 23. Rxd5 Bxh2+ 24. Kxh2 Rxd5 25. Re1 h6 26. Bc1 f4 27. f3 Kh7 28.
Kh3 Rh5+ 29. Kg4 Rg5+ 30. Kh3 Rff5 31. Re4 Rh5+ 32. Kg4 Rfg5+ 33. Kxf4 Rxg2 34. Re6 Rc2 35. Be3 Rxb2 36. Rxa6 b4 37. Bd4 b3 38. axb3 cxb3 39. Ra7 Rg5 40. Rb7 Rb1 41. c4 Rc1 42. c5 Rc4 43.
Ke3 Ra4 44. Rxb3 Rg6 45. Rb7 h5 46. f4 Rg3+ 47. Kf2 h4 48. Be5 Ra2+ 49. Bb2 Rc3 50. c6 Rxc6 51. Rxg7+ Kh6 52. Rb7 Rc2+ 53. Kf3 Raxb2 54.
Ra7 Rg2 55. Ra6+ Rg6 56. Ra7 h3 0-1

[Event "*** Titled Tuesday Blitz"]
[Site "Chess.com"]
[Date "2020.05.05"]
[Round "2"]
[White "BasilSmash"]
[Black "Maghalashvili"]
[Result "0-1"]
[WhiteElo "2431"]
[BlackElo "2803"]
[TimeControl "180+1"]
[EndTime "10:19:26 PDT"]
[Termination "Maghalashvili won on time"]

1. d4 Nf6 2. Nf3 g6 3. g3 Bg7 4. Bg2 O-O 5. O-O c5 6. dxc5 Na6 7. Be3 Ng4 8. Bd4 e5 9. Bc3 Re8 10. b4 e4 11. Bxg7 Kxg7 12. Qd4+ Qf6 13. Qxf6+ Nxf6 14. Nd4 Nxb4 15. Nc3 Re5 16. Na4 Nc6 17. c3 Na5 18. Rab1 Nc4 19. Rb4 d5 20. cxd6 Nxd6 21. Rd1 b5 22.
Nc6 Rd5 23. Rxd5 Nxd5 24. Rd4 Be6 25. Nc5 Rc8 26. Nxe6+ fxe6 27. Ne7 Rxc3 28. Nxd5 Rc1+ 29. Bf1 exd5 30. Rxd5 Nc4 31. e3 Ra1 32. Kg2 Rxa2 33. Rxb5 Nxe3+ 34. Kg1 Nf5 35. Re5 Ra4 36. Bg2 Kf6 37.
Rxe4 Rxe4 38. Bxe4 a5 39. f4 a4 40. Bb1 a3 41. Kf2 Nd4 42. Ke3 Nc6 43. g4 Nb4 44.
g5+ Ke6 45. h4 a2 46. Bxa2+ Nxa2 47. Kf3 Kf5 0-1

[Event "*** Titled Tuesday Blitz"]
[Site "Chess.com"]
[Date "2020.05.05"]
[Round "2"]
[White "Ladislav1969"]
[Black "canary2016"]
[Result "1-0"]
[WhiteElo "2348"]
[BlackElo "1894"]
[TimeControl "180+1"]
[EndTime "10:19:26 PDT"]
[Termination "Ladislav1969 won by checkmate"]

1. e4 c6 2. d4 d5 3. e5 Bf5 4.
Nd2 e6 5. Nb3 Nd7 6. Be3 Ne7 7. f4 h6 8. Nf3 Bh7 9. Bd3 Bxd3 10.
Qxd3 Nf5 11. Bf2 Be7 12. g4 Nh4 13. O-O Nxf3+ 14. Qxf3 c5 15. f5 cxd4 16. Bxd4 exf5 17.
gxf5 Bb4 18. f6 gxf6 19. Qxd5 Rg8+ 20. Kh1 Nxe5 21. Qb5+ Qd7 22. Qxd7+ Nxd7 23. c3 Be7 24. Rae1 Rd8 25. Bxa7 b6 26. Nd4 Ra8 27. Nc6 Ne5 28. Nxe7 Kxe7 29. Bxb6 Rxa2 30. Re2 Rb8 31. Bc5+ Ke6 32.
Ref2 Ng4 33. Re2+ Ne5 34. Bb4 Rd8 35. Ref2 Ng4 36. Re1+ Ne5 37. Kg1 Ra6 38. Kf1 Rc6 39. Ke2 Rc4 40. Kf1 Rh4 41. Bc5 Rh5 42. Bd4 Rg5 43. b4 Rg4 44. b5 Rg5 45. b6 Kd6 46. Bxe5+ fxe5 47. Rd2+ Ke7 48. Rxd8 Kxd8 49. Rb1 Kc8 50.
Rb5 Kb7 51. c4 Rf5+ 52. Ke2 Rf6 53. c5 Rc6 54. Ke3 f6 55. Ra5 h5 56. Ra7+ Kb8 57. Ra5 Kb7 58. Kd3 f5 59. Ra7+ Kb8 60. Kc4 e4 61.
Kb5 Rc8 62. c6 e3 63. c7+ Rxc7 64. Rxc7 f4 65. Re7 h4 66. Kc6 e2 67. Re8# 1-0

[Event "*** Titled Tuesday Blitz"]
[Site "Chess.com"]
[Date "2020.05.05"]
[Round "2"]
[White "kuli4ik"]
[Black "stolencandy13"]
[Result "0-1"]
[WhiteElo "2780"]
[BlackElo "2544"]
[TimeControl "180+1"]
[EndTime "10:19:27 PDT"]
[Termination "stolencandy13 won by resignation"]

1. Nf3 f5 2. d3 Nf6 3. e4 d6 4. exf5 Bxf5 5. d4 Nc6 6. Bd3 Qd7 7. Nc3 Nb4 8. Bxf5 Qxf5 9. O-O Qxc2 10. Qe1 O-O-O 11.
Bg5 Kb8 12. a3 Nbd5 13. Bxf6 Nxf6 14. Ng5 Rc8 15. Rc1 Qg6 16. Ne6 Qf5 17. Qe2 g6 18. Rfe1 Bh6 19. Rcd1 Qh5 20. Qd3 Rhe8 21. h3 g5 22. Qf5 Rg8 23. f3 Qg6 24. Qxg6 Rxg6 25. Re2 c6 26. g4 Nd7 27. Kg2 Nf8 28. Nxf8 Bxf8 29. Ne4 Kc7 30. Ng3 Kd7 31. Rde1 e6 32.
Ne4 h6 33. Rd1 d5 34. Nf2 c5 35. Nd3 Rf6 36. Ne5+ Kd8 37. Rc2 cxd4 38. Rxc8+ Kxc8 39. Rxd4 Bd6 40. Nd3 Kd7 41. Nc1 Rf8 42. Rd2 Bf4 43. Rc2 Bxc1 44. Rxc1 Rc8 45. Rb1 Rc2+ 46. Kg3 e5 47. h4 Kd6 48. hxg5 hxg5 49. b4 d4 50. Rh1 d3 51. Rh8 Kd7 52. Rh1 Re2 53. Rd1 d2 54. f4 gxf4+ 55. Kf3 Re3+ 56. Kf2 Rd3 57. Ke2 e4 58. Rh1 d1=Q+ 59. Rxd1 Rxd1 60. Kxd1 Ke6 61. Ke2 Kf6 62. Kf2 Kg5 63. Kg2 0-1

[Event "*** Titled Tuesday Blitz"]
[Site "Chess.com"]
[Date "2020.05.05"]
[Round "2"]
[White "Fandorine"]
[Black "LizaSolovyova"]
[Result "0-1"]
[WhiteElo "2802"]
[BlackElo "2549"]
[TimeControl "180+1"]
[EndTime "10:19:28 PDT"]
[Termination "LizaSolovyova won by resignation"]

1. e4 e5 2. Nf3 d6 3. g3 c6 4. Bg2 f5 5. d3 Nf6 6. Nc3 Be7 7. O-O O-O 8. Re1 Qc7 9. exf5 Bxf5 10. d4 Nbd7 11.
h3 Rad8 12. dxe5 Nxe5 13. Nxe5 dxe5 14. Qe2 Bd6 15. Bg5 h6 16. Be3 b5 17. a3 a5 18.
Rad1 b4 19. axb4 Bxb4 20. Qc4+ Kh8 21. Rxd8 Rxd8 22. Rc1 Rc8 23. g4 Bh7 24. Ne4 Nd5 25.
c3 Nxe3 26. fxe3 Be7 27. Rf1 Qb6 28. Qe2 Rf8 29. Rxf8+ Bxf8 30. Ng3 Bc5 31. Kf2 a4 32. Be4 Bg8 33. Qd2 Bxe3+ 34. Qxe3 Qxb2+ 35. Qe2 Qxe2+ 36. Nxe2 a3 37. Nc1 a2 38. Nxa2 Bxa2 39. Bxc6 Kg8 40. Ke3 Kf7 41. Be4 Ke6 42. Bd3 g5 43. c4 Bb3 44. Ke4 Ba4 45. Ke3 Bc6 46. Be4 Ba4 47. c5 Bb5 48. Bg2 Bc4 49. c6 Kd6 50. Bf3 Bb5 51. Be4 Bxc6 52. Bxc6 Kxc6 53. Ke4 Kd6 54. Kf5 Kd5 55. Kg6 e4 56. Kxh6 0-1

[Event "*** Titled Tuesday Blitz"]
[Site "Chess.com"]
[Date "2020.05.05"]
[Round "2"]
[White "Gareth-Bale11"]
[Black "AttilaTurzo"]
[Result "1-0"]
[WhiteElo "2753"]
[BlackElo "2518"]
[TimeControl "180+1"]
[EndTime "10:19:28 PDT"]
[Termination "Gareth-Bale11 won by resignation"]

1. d4 Nf6 2. c4 e6 3. Nf3 Bb4+ 4.
Nbd2 O-O 5. a3 Bxd2+ 6. Qxd2 b6 7. g3 Bb7 8. Bg2 d6 9. O-O Nbd7 10. b4 Qe7 11. Bb2 c5 12. Rfd1 Rfd8 13. dxc5 dxc5 14. Qd6 Qxd6 15. Rxd6 Ne4 16. Rd3 Ndf6 17. Ne5 Rxd3 18. exd3 Nd6 19. bxc5 bxc5 20. Bxb7 Nxb7 21. Bc1 Rc8 22.
Bf4 Kf8 23. Rb1 Nd8 24. Rb5 Ke7 25. Ra5 Nc6 26. Rxc5 Kd6 27. d4 g5 28. Be3 Ne4 29. Rxc6+ Rxc6 30. Nxc6 Kxc6 31. Kf1 Nd6 32. Bxg5 Nxc4 33.
Be7 Kd5 34. Bc5 a5 35. Ke2 e5 36. Kd3 e4+ 37. Kc3 f5 38. Kb3 h5 39. Ka4 Nb2+ 40. Kxa5 Nd3 41. Kb5 Nxf2 42. Bb4 Nd3 43. Bc3 e3 44. a4 e2 45. a5 e1=Q 46. Bxe1 Nxe1 47. a6 Nc2 48. a7 Nxd4+ 49. Ka6 Ne6 50. a8=Q+ Ke5 51.
Qh8+ Ke4 52. Qxh5 Nd4 53. Kb6 Nf3 54. Qe8+ Ne5 55. h3 Kd5 56. h4 Nc4+ 57. Kc7 Ne5 58. h5 Ng4 59. h6 Nxh6 60. Qg6 Ng4 61. Qxf5+ Ne5 62. g4 Kd4 63. Kd6 Nc4+ 64. Ke6 Ne3 65. Qe5+ Kd3 66. Qxe3+ Kxe3 67. g5 Kf4 68. g6 Ke4 69. g7 Kd4 70. g8=Q Ke4 71. Qg4+ Kd3 72. Kd5 Ke3 73. Qg3+ Kd2 74. Kd4 Ke2 75. Qg2+ Kd1 76.
Kd3 1-0

[Event "*** Titled Tuesday Blitz"]
[Site "Chess.com"]
[Date "2020.05.05"]
[Round "2"]
[White "Marcin"]
[Black "chessdjw"]
[Result "0-1"]
[WhiteElo "2416"]
[BlackElo "2655"]
[TimeControl "180+1"]
[EndTime "10:19:29 PDT"]
[Termination "chessdjw won by resignation"]

1. d4 Nf6 2. c4 e6 3. Nf3 d5 4. g3 Bb4+ 5. Bd2 Be7 6. Qc2 O-O 7. Bg2 c6 8. O-O Nbd7 9. Bg5 h6 10. Bxf6 Nxf6 11.
Nbd2 b6 12. Rfd1 Bb7 13. e4 c5 14. cxd5 exd5 15. e5 Nd7 16. Nf1 Rc8 17. Qe2 cxd4 18.
Nxd4 Nc5 19. Nf5 Ne6 20. Bxd5 Bxd5 21. Rxd5 Qc7 22. Nxe7+ Qxe7 23. Rad1 Rc7 24. Ne3 Rfc8 25. Qg4 Kh7 26. Nf5 Qg5 27. Qxg5 hxg5 28. Rd7 g4 29.
Ne3 Kg6 30. Kg2 Kg5 31. R1d6 Nc5 32. Rxc7 Rxc7 33. Nd5 Rc8 34. b4 Ne4 35. Rd7 Rc2 36. Rxf7 Kg6 37. e6 Ng5 38. Nf4+ Kh7 39. Rf5 Nf3 40. h3 Ne1+ 41. Kf1 Rc1 42. e7 Nf3+ 43. Ke2 Re1+ 44. Kd3 Rxe7 45. hxg4 Ne5+ 46. Kc3 Nxg4 47. Nd5 Rd7 48. b5 Kg6 49. Rf4 Kg5 50. f3 Ne5 51.
Ne3 Rd3+ 52. Kc2 Rxe3 53. Rf8 Rxf3 0-1

[Event "*** Titled Tuesday Blitz"]
[Site "Chess.com"]
[Date "2020.05.05"]
[Round "2"]
[White "annamaja"]
[Black "putra48"]
[Result "0-1"]
[WhiteElo "2305"]
[BlackElo "2626"]
[TimeControl "180+1"]
[EndTime "10:19:29 PDT"]
[Termination "putra48 won by resignation"]

1. e4 c5 2. Nf3 d6 3. d4 cxd4 4.
Nxd4 Nf6 5. Nc3 a6 6. g3 e5 7.
Nde2 Be7 8. Bg2 b5 9. O-O Bb7 10.
a4 b4 11. Nd5 Nxd5 12. exd5 a5 13. c3 Na6 14. Be3 O-O 15. f4 exf4 16. Nxf4 Bf6 17.
Bd4 Bxd4+ 18. Qxd4 Nc5 19. Qd1 Ba6 20. Re1 bxc3 21. bxc3 Qf6 22. Qc2 g6 23. Ne2 Bd3 24.
Qd2 Bxe2 25. Qxe2 Qxc3 26. Qe7 Nd3 27. Qe3 Rae8 28. Qxe8 Rxe8 29. Rxe8+ Kg7 30. Ra2 Qc5+ 31. Kf1 Qc1+ 32. Ke2 Qe1+ 33. Kxd3 Qxe8 34. Be4 f5 35. Bf3 Qb8 36. Rc2 Qb3+ 37. Rc3 Qxa4 38. Rc7+ Kf6 39. Rc3 Qb5+ 40. Kc2 Qf1 41. Kb3 Qb1+ 42. Kc4 a4 43. h3 Qa2+ 44. Kb4 Qb2+ 45. Kc4 a3 46. Rb3 Qc2+ 47. Kb4 a2 48. Ra3 Qb2+ 49. Ka4 Qxa3+ 50. Kxa3 a1=Q+ 51. Kb3 Qf1 0-1

[Event "*** Titled Tuesday Blitz"]
[Site "Chess.com"]
[Date "2020.05.05"]
[Round "2"]
[White "MarcoCorvi"]
[Black "SerGo055"]
[Result "1/2-1/2"]
[WhiteElo "2240"]
[BlackElo "2602"]
[TimeControl "180+1"]
[EndTime "10:19:29 PDT"]
[Termination "Game drawn by agreement"]

1. e4 d5 2. exd5 Qxd5 3. Nc3 Qd8 4. d4 Nf6 5. Bc4 c6 6. Nf3 Bf5 7. Be3 e6 8. Qd2 Nd5 9. Nxd5 cxd5 10. Bb5+ Nc6 11.
Ne5 Rc8 12. Nxc6 bxc6 13. Bd3 Bg6 14. O-O Bd6 15. h3 O-O 16. Bxg6 hxg6 17. Bf4 c5 18. Bxd6 Qxd6 19. dxc5 Rxc5 20. c3 Rb8 21. Rfe1 Qb6 22.
Re2 a5 23. Rd1 a4 24. Qd4 Qa6 25. Rxe6 Qxe6 26. Qxc5 Rxb2 27. Qxd5 Qe2 28. Qd8+ Kh7 29. Qh4+ Qh5 30. Qxh5+ gxh5 31. Rd5 Kg6 32. Ra5 Rxa2 33. c4 h4 34. c5 Kf6 35. c6 Ke7 36. c7 Kd7 37. Ra7 Ra1+ 38. Kh2 a3 39. c8=Q+ Kxc8 40. Rxf7 a2 41. Ra7 Kb8 42. Ra3 Kc7 43. f3 Kd6 44.
Ra4 g5 45. Ra6+ Kc5 46. Ra3 Kb4 47. Ra8 Kb3 48. Rb8+ Kc3 49. Rc8+ Kd2 50. Rd8+ Ke3 51. Ra8 Kf2 52. Ra3 Ke2 53. Ra4 Kd3 54. Ra8 Kc4 55. Ra7 Kb5 56. Ra8 Kc5 57. Ra7 Kb6 58. Ra8 Kb7 59.
Ra3 Kc6 60. Ra8 Kd5 61. Ra7 Kc4 62. Ra8 Kb3 63. Rb8+ Kc2 64. Rc8+ Kd2 65. Rd8+ Ke2 66. Re8+ Kf1 67. Ra8 1/2-1/2

[Event "*** Titled Tuesday Blitz"]
[Site "Chess.com"]
[Date "2020.05.05"]
[Round "2"]
[White "jfriedel"]
[Black "BilodeauA"]
[Result "1/2-1/2"]
[WhiteElo "2572"]
[BlackElo "2896"]
[TimeControl "180+1"]
[EndTime "10:19:30 PDT"]
[Termination "Game drawn by agreement"]

1. d4 d5 2. c4 dxc4 3. e3 e5 4. Bxc4 Nc6 5. Nf3 e4 6. Nfd2 Qg5 7. Qb3 Qxg2 8. Bxf7+ Kd8 9. Rf1 Nf6 10. Nc3 Bd6 11. a3 Rf8 12. Be6 Bxh2 13. Bxc8 Rxc8 14. Ncxe4 Re8 15. Qxb7 Nxd4 16. Nd6 Qxb7 17. Nxb7+ Kd7 18. Kd1 Ne6 19. b4 Be5 20. Ra2 g5 21. Nf3 Bd6 22. Rd2 Ne4 23. Rd3 Rf8 24. Ke2 Ke7 25. Bb2 Rf5 26. Nd2 Nxd2 27. Rxd2 Rcf8 28. Na5 h5 29.
Nc6+ Kd7 30. Nd4 Nxd4+ 31. Bxd4 a6 32. Kd3 h4 33. Rg1 h3 34. Rh1 g4 35. e4 Rf3+ 36. Be3 g3 37. Rxh3 g2 38. Rh7+ R8f7 39. Rxf7+ Rxf7 40. Rd1 Bh2 41. f4 Kc6 42. Ke2 Bxf4 43. Rg1 Bxe3 44.
Kxe3 Rh7 45. Rxg2 Rh3+ 46. Kd4 Rxa3 47. Rg5 Rb3 48. Kc4 Re3 49. Kd4 Re1 50. Kc4 Kb6 51.
Rg6+ c6 52. Re6 Rc1+ 53. Kb3 Rb1+ 54. Kc3 Re1 55. Re7 Kb5 56. Rb7+ Ka4 57. Rb6 Re3+ 58.
Kc4 Rxe4+ 59. Kc5 Re5+ 60. Kc4 Re4+ 61. Kc5 Re5+ 62. Kc4 a5 63. bxa5 1/2-1/2

[Event "*** Titled Tuesday Blitz"]
[Site "Chess.com"]
[Date "2020.05.05"]
[Round "2"]
[White "Olga_Zhuravleva"]
[Black "AminMolaei"]
[Result "0-1"]
[WhiteElo "2274"]
[BlackElo "2509"]
[TimeControl "180+1"]
[EndTime "10:19:30 PDT"]
[Termination "AminMolaei won on time"]

1. e4 c5 2. Nf3 g6 3. d4 cxd4 4. Nxd4 Nc6 5. Nc3 Bg7 6. Nb3 Nf6 7. Be2 O-O 8. O-O d6 9. Re1 a5 10. a4 Be6 11. Bf1 Rc8 12. Bg5 Nb4 13. f4 Bc4 14. Bxc4 Rxc4 15. Rc1 Qb6+ 16. Kh1 Rfc8 17. Nd2 Rxc3 18. bxc3 Rxc3 19. e5 dxe5 20. fxe5 Nfd5 21. Ne4 Rc4 22. Qe2 Qc7 23. c3 Na6 24. Qd3 e6 25. Nf6+ Nxf6 26. Bxf6 Bf8 27. h3 Nb4 28. Qd8 Qxd8 29.
Bxd8 Nd3 30. Red1 Nxc1 31. Rxc1 Rxa4 32. Rb1 Bh6 33. g3 Bg7 34. Bc7 Rc4 35. Rxb7 h5 36.
Rb8+ Kh7 37. Bxa5 Bxe5 38. Rb7 Kg7 39. Kg2 Ra4 40. Bb4 Ra2+ 41. Kf3 Ra1 42. Rd7 Rf1+ 43.
Kg2 Rc1 44. Rd3 g5 45. Re3 Bf6 46. Bc5 Rxc3 47. Rxc3 Bxc3 48. Be3 Kg6 49. Kf3 f5 50. Bc1 Be5 51. g4 Bf4 52. gxf5+ Kxf5 53. Bb2 e5 54. Bc3 g4+ 55. Kg2 Ke4 56. Be1 Kd3 57. Bh4 e4 58.
Kf2 Kd2 59. hxg4 hxg4 60. Kf1 g3 61. Kg2 e3 0-1

[Event "*** Titled Tuesday Blitz"]
[Site "Chess.com"]
[Date "2020.05.05"]
[Round "2"]
[White "chegueps"]
[Black "praveenb2002"]
[Result "1-0"]
[WhiteElo "2523"]
[BlackElo "2723"]
[TimeControl "180+1"]
[EndTime "10:19:31 PDT"]
[Termination "chegueps won by checkmate"]

1. e4 e5 2. Nf3 Nc6 3. Bb5 a6 4. Ba4 Nf6 5. O-O b5 6. Bb3 Bc5 7. c3 d6 8. d4 Bb6 9. a4 Rb8 10. a5 Ba7 11. Be3 O-O 12. Nbd2 Bg4 13. Bc2 Re8 14. d5 Bxe3 15. fxe3 Ne7 16. Rc1 b4 17.
Ba4 Bd7 18. c4 c5 19. Ra1 Ng4 20. Bxd7 Qxd7 21. Qe2 f5 22. h3 Nf6 23. Ng5 fxe4 24.
Ndxe4 Nxe4 25. Nxe4 h6 26. Qh5 Rf8 27. g4 Rxf1+ 28.
Rxf1 Rf8 29. Rxf8+ Kxf8 30. Qh4 Nc8 31. Qf2+ Kg8 32. b3 Ne7 33. Qf6 Nc8 34. Qxh6 Qf7 35. Qg5 Qf8 36. Kg2 Kh7 37. Qh5+ Kg8 38. Ng5 Qf6 39.
Qh7+ Kf8 40. Qh8+ Ke7 41. Ne6 Kd7 42. g5 Qe7 43. Qxg7 Qxg7 44. Nxg7 Ne7 45. h4 Nxd5 46. cxd5 c4 47. h5 cxb3 48. h6 b2 49. h7 b1=Q 50. h8=Q Qe4+ 51. Kh2 Qc2+ 52. Kg3 Qe4 53. Qe8+ Kc7 54.
Ne6+ Kb7 55. Qd7+ Ka8 56. Qc8+ Ka7 57. Qc7+ Ka8 58. Qc6+ Ka7 59. Qb6+ Ka8 60. Nc7# 1-0

[Event "*** Titled Tuesday Blitz"]
[Site "Chess.com"]
[Date "2020.05.05"]
[Round "2"]
[White "Islamovqaasim"]
[Black "smshk35"]
[Result "0-1"]
[WhiteElo "2039"]
[BlackElo "2369"]
[TimeControl "180+1"]
[EndTime "10:19:31 PDT"]
[Termination "smshk35 won by checkmate"]

1. d4 Nf6 2. Nf3 g6 3. c4 Bg7 4.
Nc3 O-O 5. Bg5 d5 6. e3 c5 7. dxc5 dxc4 8. Bxc4 Na6 9. O-O Nxc5 10. Qc2 Bf5 11. Qe2 h6 12. Bxf6 Bxf6 13. Rfd1 Qb6 14. Nd4 Bxd4 15. exd4 Ne6 16. Nd5 Nxd4 17. Nxe7+ Kh7 18.
Qe5 Nc6 19. Nxc6 Qxc6 20. Rac1 Rae8 21. Qg3 Rc8 22. Qf4 Qa4 23. b3 Qxa2 24. h3 Qa3 25. Ra1 Qc5 26. g4 Be6 27. Rac1 Bxc4 28. Rxc4 Qe7 29.
Re4 Qg5 30. Qf3 Kg7 31. Rde1 Rc1 32. Kg2 Rxe1 33. Rxe1 b5 34. Re7 Qxe7 35. Qc3+ Qf6 36. Qb4 a6 37. Qc5 Re8 38. h4 Re2 39. g5 Qxf2+ 40.
Qxf2 Rxf2+ 41. Kxf2 hxg5 42. hxg5 f5 43. Ke3 Kf7 44.
b4 Ke6 45. Kd4 Kd6 46. Kc3 Kd5 47. Kd3 Ke5 48. Ke3 f4+ 49. Kf3 Kf5 50. Kg2 Kxg5 51. Kf2 Kf5 52. Kf3 g5 53. Ke2 g4 54. Kf2 Ke4 55.
Kg2 g3 56. Kf1 Kf3 57. Ke1 g2 58. Kd2 g1=Q 59. Kd3 Qe3+ 60. Kc2 Ke4 61. Kb2 f3 62. Kc2 f2 63. Kb2 f1=Q 64. Kc2 Qff2+ 65. Kd1 Qee1# 0-1

[Event "*** Titled Tuesday Blitz"]
[Site "Chess.com"]
[Date "2020.05.05"]
[Round "2"]
[White "Tashik"]
[Black "Love_craft"]
[Result "1-0"]
[WhiteElo "2462"]
[BlackElo "2164"]
[TimeControl "180+1"]
[EndTime "10:19:33 PDT"]
[Termination "Tashik won on time"]

1. c4 e5 2. Nc3 Nc6 3. Nf3 d6 4.
d4 Be7 5. d5 Nb8 6. e4 Nf6 7. Be2 O-O 8. O-O Ne8 9. Ne1 g6 10. Nd3 Nd7 11. Be3 Ng7 12. b4 f5 13.
exf5 Nxf5 14. Bd2 Nf6 15. c5 Nd4 16. cxd6 Bxd6 17. Nb2 e4 18. Bg5 Be5 19. Nxe4 Nxe2+ 20. Qxe2 Qxd5 21. Nxf6+ Bxf6 22. Bxf6 Rxf6 23. Rad1 Qe6 24. Rd8+ Rf8 25. Rxf8+ Kxf8 26. Qf3+ Qf7 27. Qc3 Qg7 28. Qc5+ Qe7 29. Qd4 Kg8 30. Nd3 Bf5 31. Nc5 c6 32. Rd1 Re8 33. h3 b6 34. Nb3 Qf7 35. Qd6 Be4 36. Re1 Bd5 37. Rxe8+ Qxe8 38. Qf4 Qe1+ 39. Kh2 Bxb3 40. axb3 Qe6 41. Qg3 Qe7 42.
Qc3 Qf7 43. Qxc6 Qxb3 44. Qa8+ Kg7 45. Qxa7+ Kh6 46. Qxb6 Qb2 47. Qc5 Qe2 48. b5 g5 49.
b6 Qe8 50. Qd6+ Kh5 51. b7 Qf7 52. g4+ Kh4 53. Qh6+ 1-0

[Event "*** Titled Tuesday Blitz"]
[Site "Chess.com"]
[Date "2020.05.05"]
[Round "2"]
[White "Wolverine_master"]
[Black "zubridis"]
[Result "0-1"]
[WhiteElo "2211"]
[BlackElo "2451"]
[TimeControl "180+1"]
[EndTime "10:19:33 PDT"]
[Termination "zubridis won by resignation"]

1. e4 c5 2. Nf3 d6 3. d4 cxd4 4. Nxd4 Nf6 5. Nc3 a6 6. Be2 g6 7.
O-O Bg7 8. Be3 O-O 9. a4 Nc6 10. Kh1 Bd7 11. f3 Rc8 12. Nb3 Be6 13. Qd2 d5 14. exd5 Nxd5 15. Nxd5 Qxd5 16. Rab1 Qxd2 17. Nxd2 Nd4 18. Bxd4 Bxd4 19. c3 Bg7 20. Ne4 Rfd8 21. Rfd1 Bd5 22. Ng5 h6 23. Nh3 Bb3 24. Rxd8+ Rxd8 25.
a5 Rd2 26. Bf1 Ba2 27. Re1 e6 28. b4 Bxc3 29. b5 Bxa5 30. bxa6 bxa6 31. Bxa6 g5 32. Bf1 Rxg2 33. Rxe6 Rxh2+ 34. Kxh2 Bxe6 35. Bd3 Bc7+ 36. Kg2 f5 37. Nf2 Kg7 38. Nd1 Kf6 39. Nc3 Ke5 40. Ne2 Bd5 41. Kf2 f4 42. Nc3 Bb6+ 43. Ke2 Be6 44.
Bg6 Bd4 45. Ne4 Bc4+ 46. Kd2 Be3+ 47. Ke1 Bd3 48. Bh7 Bc4 49. Bg6 Be6 50. Bh7 Bb6 51. Bg6 Bd8 52. Bh7 Bf7 53. Nd2 h5 54. Nb3 Bb6 55.
Be4 Bxb3 56. Kf1 Bc4+ 57. Kg2 g4 58. Kh1 g3 59. Kg2 h4 60. Bg6 Be6 61. Bh5 h3+ 62. Kh1 g2+ 0-1

[Event "*** Titled Tuesday Blitz"]
[Site "Chess.com"]
[Date "2020.05.05"]
[Round "2"]
[White "Agnes66678"]
[Black "Larina_Marija"]
[Result "1-0"]
[WhiteElo "2402"]
[BlackElo "2146"]
[TimeControl "180+1"]
[EndTime "10:19:33 PDT"]
[Termination "Agnes66678 won on time"]

1. Nf3 f5 2. d4 Nf6 3. g3 g6 4. Bg2 Bg7 5. b3 O-O 6. O-O d6 7. Bb2 c6 8. Nbd2 Nbd7 9. c4 Re8 10. Qc2 e5 11. dxe5 dxe5 12. e4 fxe4 13. Nxe4 Nxe4 14. Qxe4 Nf6 15. Qe2 Bg4 16. h3 Bxf3 17. Bxf3 Qa5 18. Rfd1 Re7 19. a3 Rf8 20. b4 Qc7 21. Bg2 e4 22.
Bd4 b6 23. Be3 Nh5 24. Rac1 Qe5 25. Bd4 Qf5 26. Bxg7 Nxg7 27. Re1 Rfe8 28. c5 b5 29. a4 a6 30. axb5 axb5 31. Rcd1 Re6 32. Qe3 g5 33. Rd6 h6 34. Red1 Rf8 35. R1d2 Qe5 36. Rxe6 Nxe6 37.
Qxe4 Qa1+ 38. Kh2 Ng7 39. Rd7 Qc3 40. Qd4 Qxd4 41. Rxd4 Rxf2 42. Kg1 Rb2 43. Bxc6 Nf5 44. Rd8+ Kg7 45. Bxb5 Rxb4 46. c6 Rxb5 47. c7 Ne7 48. Rd7 Rc5 49. Rxe7+ Kg6 50. Kg2 Rc3 51. Kf2 h5 52.
Ke2 h4 53. g4 Kh6 54. Kd2 Rc4 55. Kd3 Rc1 56. Kd4 Rc2 57. Kd5 Kg6 58. Kd6 Kf6 59. Re3 Rd2+ 60. Kc6 Rc2+ 61. Kd7 Rd2+ 62. Kc8 Rc2 63.
Rd3 Rc6 64. Kd7 Rc3 65. Rxc3 Ke5 66. c8=Q 1-0